 Dungeon Crawl Stone Soup version 0.21.0-3-g78d12a8 (webtiles) character file.

471 shmeve the Ducker (level 6, -5/31 HPs)
             Began as a Felid Berserker on Jan 15, 2018.
             Was an Elder of Trog.
             Slain by a centaur
             ... wielding a cursed +0 short sword
              (6 damage)
             ... on level 5 of the Dungeon.
             The game lasted 00:10:00 (5603 turns).

shmeve the Ducker (Felid Berserker)                 Turns: 5603, Time: 00:10:00

Health: -5/31      AC:  2    Str: 15    XL:     6   Next: 83%
Magic:  7/7        EV: 23    Int:  8    God:    Trog [****..]
Gold:   210        SH:  0    Dex: 16    Spells: 5/5 levels left
                                        Lives:  0   Deaths: 2

rFire    . . .     SeeInvis +     - Unarmed
rCold    . . .     Gourm    .   (shield unavailable)
rNeg     . . .     Faith    .   (armour unavailable)
rPois    .         Spirit   .   (helmet unavailable)
rElec    .         Reflect  .   (cloak unavailable)
rCorr    .         Harm     .   (gloves unavailable)
MR       .....                  (boots unavailable)
Stlth    +++.......             (no amulet)
HPRegen  0.10/turn              (no ring)
MPRegen  0.10/turn              (no ring)

@: quick
A: very small, no armour, no weapons or thrown items, stealth, claws 1, fangs 3,
see invisible, carnivore, speed 1, shaggy fur 2, slow metabolism 1, sharp paws
a: Berserk, Trog's Hand, Brothers in Arms, Burn Spellbooks, Renounce Religion


You were on level 5 of the Dungeon.
You worshipped Trog.
Trog was greatly pleased with you.
You were not hungry.

You visited 1 branch of the dungeon, and saw 5 of its levels.
You also visited: Sewer.

You collected 210 gold pieces.

Inventory:

Wands
 l - a wand of flame (23)
 m - a wand of polymorph (5)
 s - a wand of disintegration (15)
Scrolls
 g - 3 scrolls of teleportation
 h - a scroll of fear {unknown}
 i - 2 scrolls of remove curse {unknown}
 k - a scroll of fog {unknown}
 p - a scroll of enchant weapon {unknown}
 q - a scroll of blinking {unknown}
Potions
 b - a potion of agility {unknown}
 c - 2 potions of haste {unknown}
 d - a potion of berserk rage {unknown}
 e - 2 potions of magic {unknown}
 f - 2 potions of curing {unknown}
 j - a potion of brilliance {unknown}
 n - 5 potions of flight
 o - a potion of cancellation {unknown}
 r - a potion of degeneration {unknown}
Comestibles
 a - 11 rations


   Skills:
 * Level 5.7 Fighting
 * Level 7.5 Dodging
 + Level 4.6 Stealth
 * Level 5.6 Unarmed Combat


You had 5 spell levels left.
You didn't know any spells.

Dungeon Overview and Level Annotations

Branches:
Dungeon (5/15)
 Temple: D:4-7

Altars:
Elyvilon
Gozag
Nemelex Xobeh
Vehumet


Innate Abilities, Weirdness & Mutations

You cannot wear armour.
You are incapable of wielding weapons or throwing items.
Your paws allow you to move quietly. (Stealth)
You have sharp claws.
You have razor-sharp teeth.
You have supernaturally acute eyesight. (SInv)
You are carnivorous and can eat meat at any time.
You cover ground quickly.
You are covered in thick fur. (AC +2)
You have a slow metabolism.
Your sharp claws are effective at attacking unaware monsters.


Message History

The centaur shoots an arrow.
The arrow closely misses you.
The centaur shoots an arrow.
The arrow barely misses you.
Things that are here:
a hand axe; a leather armour The centaur shoots an arrow.
The arrow completely misses you.
The centaur shoots an arrow.
The arrow hits you!
Ouch! That really hurt!
You see here an arrow.
The centaur shoots an arrow.
The arrow hits you!
* * * LOW HITPOINT WARNING * * *
You see here an arrow.
The centaur shoots an arrow.
The arrow completely misses you.
The centaur unwields an uncursed shortbow.
The centaur wields a glowing short sword.
The centaur barely misses you.
You scratch the centaur but do no damage.
You claw the centaur.
The centaur is moderately wounded.
The centaur hits you with an enchanted short sword.
You die...

.... ...... ......
.# ......#+#########
...................#
.............."....#
...................+
......###..).......#
......c@.((.)(###.##
......####....# .#
..... ####....### #
.... #.........#
#######.........#
...........[.#.#
...............#
........#########
................#


You could see a centaur.

Vanquished Creatures
  Eustachio (D:4)
  A water moccasin (D:5)
  An ogre (D:2)
  2 howler monkeys (D:4)
  A crimson imp (D:4)
  2 hounds (D:4)
  4 orc wizards
  A jelly (D:5)
  A bullfrog skeleton (D:4)
  A merfolk siren (Sewer)
  A merfolk avatar (Sewer)
  3 gnolls (D:4)
  7 adders
  A worm (D:3)
  3 dart slugs
  5 leopard geckos
  11 orcs
  11 bats
  8 giant cockroaches
  10 goblins
  5 hobgoblins
  7 jackals
  7 kobolds
  2 quokkas
  8 ball pythons
  6 frilled lizards
  A jackal skeleton (D:4)
  32 rats
143 creatures vanquished.

Notes
Turn   | Place    | Note
-------+----------+-------------------------------------------
     0 | D:1      | shmeve the Felid Berserker began the quest for the Orb.
     0 | D:1      | Reached XP level 1. HP: 10/10 MP: 2/2
   237 | D:1      | Reached XP level 2. HP: 13/14 MP: 3/3
   708 | D:1      | Reached skill level 1 in Stealth
   933 | D:2      | Found a white marble altar of Elyvilon.
   982 | D:2      | Noticed an ogre
   992 | D:2      | Killed an ogre
   992 | D:2      | Reached skill level 5 in Dodging
   992 | D:2      | Reached XP level 3. HP: 18/18 MP: 4/4
   992 | D:2      | Reached XP level 4. HP: 22/22 MP: 5/5
  1371 | D:2      | Found an opulent altar of Gozag.
  1590 | D:2      | Reached ** piety under Trog
  1595 | D:2      | Reached XP level 5. HP: 22/25 MP: 6/6
  2614 | D:3      | Killed from afar by an orc wizard
  2615 | D:3      | Reached XP level 4. HP: -6/22 MP: 5/5
  2900 | D:3      | Found a glowing drain.
  2913 | Sewer    | Entered a sewer
  3071 | Sewer    | Reached XP level 5. HP: 25/25 MP: 6/6
  3409 | Sewer    | Reached *** piety under Trog
  3741 | D:3      | Reached skill level 6 in Dodging
  3746 | D:3      | Gained mutation: You are covered in thick fur. (AC +2) [Felid growth]
  3746 | D:3      | Reached XP level 6. HP: 28/29 MP: 7/7
  4170 | D:4      | Noticed Eustachio
  4303 | D:4      | Reached skill level 5 in Fighting
  4482 | D:4      | Found a radiant altar of Vehumet.
  4740 | D:4      | Reached skill level 5 in Unarmed Combat
  4740 | D:4      | Reached XP level 7. HP: 33/33 MP: 8/8
  4746 | D:4      | Found a sparkling altar of Nemelex Xobeh.
  4797 | D:4      | Killed Eustachio
  4797 | D:4      | Reached skill level 7 in Dodging
  5283 | D:5      | Entered Level 5 of the Dungeon
  5293 | D:5      | Shot with an arrow by a centaur
  5294 | D:5      | Reached XP level 6. HP: -5/31 MP: 7/7
  5342 | D:5      | Reached **** piety under Trog
  5600 | D:5      | HP: 1/31 [centaur/arrow (11)]
  5603 | D:5      | Slain by a centaur

Skill      XL: |  1  2  3  4  5  6  7 |
---------------+----------------------+-----
Stealth        | 1 2 3 4 |  4.6
Dodging        | 5 6 7 |  7.5
Fighting       | 4 5 |  5.7
Unarmed Combat | 4 5 |  5.6

Action                   |  1- 3 |  4- 6 |  7- 9 || total
-------------------------+-------+-------+-------++-------
Melee: Unarmed           |    41 |   307 |    29 ||   377
       Bite              |     1 |    23 |     3 ||    27
       Punch             |       |     9 |       ||     9
Invok: Berserk           |     1 |     7 |     1 ||     9
       Trog's Hand       |       |     3 |       ||     3
 Stab: Sleeping          |     3 |    13 |     1 ||    17
       Distracted        |       |     1 |       ||     1
  Eat: Chunk             |     7 |    18 |     2 ||    27
Armor: Skin              |     1 |    16 |    16 ||    33
Dodge: Dodged            |    46 |   280 |    33 ||   359
